 Dungeon Crawl Stone Soup version 0.29.0-4-gdea44cf6ec (webtiles) character file.

Game seed: 11456605994288551319

175 qw the Chopper (level 5, 0/41 HPs)
             Began as a Formicid Cinder Acolyte on Sept 3, 2022.
             Was a High Priest of Ignis.
             Succumbed to a scorpion's poison
             ... on level 4 of the Dungeon.
             The game lasted 00:01:22 (3547 turns).

qw the Chopper (Formicid Cinder Acolyte)            Turns: 3547, Time: 00:01:23

Health: 0/41       AC: 13    Str: 21    XL:     5   Next: 85%
Magic:  6/6        EV: 10    Int: 13    God:    Ignis [*****.]
Gold:   200        SH:  0    Dex:  9    Spells: 6/6 levels left

rFire   + . .      SeeInvis +   Y - -1 hand axe (flame)
rCold   . . .      Faith    .   (no shield)
rNeg    . . .      Spirit   .   d - +0 scale mail
rPois   .          Reflect  .   (helmet unavailable)
rElec   .          Harm     .   (no cloak)
rCorr   .          Rampage  .   (no gloves)
Will    +....                   (no boots)
Stlth   ..........              (no amulet)
HPRegen 0.13/turn               j - ring of willpower
MPRegen 0.10/turn               (no ring)

@: lethally poisoned (0 -> -6), fiery-armoured
A: permanent stasis, dig shafts and tunnels, antennae 3, four strong arms
a: Dig, Shaft Self, Renounce Religion, Fiery Armour, Foxfire Swarm, Rising Flame


You were on level 4 of the Dungeon.
You worshipped Ignis.
Ignis was extremely pleased with you.
You visited 1 branch of the dungeon, and saw 4 of its levels.

You collected 200 gold pieces.


Innate Abilities, Weirdness & Mutations

You cannot be hasted, slowed, berserked, paralysed or teleported.
You can dig through walls and to a lower floor.
You have a pair of large antennae on your head. (SInv)
Your four strong arms can wield two-handed weapons with a shield.


   Skills:
 - Level 3.2 Fighting
 + Level 5.7 Axes
 - Level 1.0 Armour
 - Level 1.1 Dodging
 - Level 1.1 Spellcasting
 - Level 3.0 Fire Magic


You had 6 spell levels left.
You didn't know any spells.
Your spell library contained the following spells:

 Spells                   Type           Power      Damage    Failure   Level
 Scorch                   Fire           16%        2d5       34%         2

Inventory:

Hand Weapons
 Y - a -1 hand axe of flaming (weapon)
Missiles
 h - a boomerang (quivered)
Armour
 d - a +0 scale mail (worn)
Jewellery
 j - a ring of willpower (left hand)
Scrolls
 a - a scroll of identify
Potions
 b - a potion of might
 c - 3 potions of curing
 e - a potion of flight {unknown}
 f - a potion of resistance
 g - a potion of attraction {unknown}
 i - a potion of mutation {unknown}
 k - a potion of cancellation

Dungeon Overview and Level Annotations

Branches:
Dungeon (4/15)
 Temple: D:4-7

Altars:

Shops:
D:1 :


Message History

You feel sick. The scorpion stings you.
You are more poisoned.
The scorpion poisons you!
You hit the scorpion but do no damage.
The scorpion is heavily wounded.
You feel very sick. The scorpion barely misses you.
You barely miss the scorpion.
The scorpion is heavily wounded.
You feel sick. The scorpion closely misses you.
The scorpion stings you but does no damage.
You hit the scorpion. You burn the scorpion.
The scorpion is severely wounded.
You feel sick. The scorpion stings you.
You are lethally poisoned!
The scorpion poisons you!
3542 ||| INVOKING Fiery Armour.
A protective cloak of flame settles atop you.
You feel very sick. The scorpion misses you.
You completely miss the scorpion. Your punch misses the scorpion.
The scorpion is severely wounded.
You feel very sick.
The scorpion stings you but does no damage.
The scorpion is burned by your cloak of flames.
The scorpion is almost dead.
You hit the scorpion but do no damage.
The scorpion is almost dead.
You feel very sick. The scorpion closely misses you.
You closely miss the scorpion.
The scorpion is almost dead.
You feel sick. The scorpion closely misses you.
The scorpion completely misses you.
You completely miss the scorpion.
The scorpion is almost dead.
You feel sick. The scorpion barely misses you.
You hit the scorpion. You burn the scorpion.
You kill the scorpion!
You die...

### ...# ###
#############....# ..+
+..........>#....# ###
######...........#
#######...........#
######.....#....@......#
.......[...'....#%#....#
..####.....####.#.# ...#
...# #..........#.# #
...# #......##..#.#
...###).........#.#
g.....))........#.#
##.###..........#.#
#....)..........#


There were no monsters in sight!

Vanquished Creatures
  2 scorpions (D:4)
  3 adders
  3 gnolls (D:4)
  2 dart slugs
  2 orcs (D:3)
  5 bats
  3 endoplasms
  5 giant cockroaches
  4 goblins
  4 hobgoblins
  7 kobolds
  A quokka (D:1)
  4 ball pythons
  8 frilled lizards
  6 rats
59 creatures vanquished.

Notes
Turn   | Place    | Note
-------+----------+-------------------------------------------
     0 | D:1      | qw the Formicid Cinder Acolyte began the quest for the Orb.
     0 | D:1      | Reached XP level 1. HP: 18/18 MP: 2/2
     0 | D:1      | 0 ||| qw: Version: 0.1-a-102-g441f92d
     0 | D:1      | 0 ||| qw: Game counter: 5287
     0 | D:1      | 0 ||| qw: Always use a shield: true
     0 | D:1      | 0 ||| qw: God list: Okawaru
     0 | D:1      | 0 ||| qw: Allow faded altars: false
     0 | D:1      | 0 ||| qw: Do Orc after D:15 true
     0 | D:1      | 0 ||| qw: Do second Lair branch before Depths: true
     0 | D:1      | 0 ||| qw: Lair rune preference: random
     0 | D:1      | 0 ||| qw: Plans: Normal
     0 | D:1      | 0 ||| PLANNING D:1-11
    81 | D:1      | 81 ||| Stepping ~*~*~tactically~*~*~ (stealth).
   185 | D:1      | Found Sogelusch's Book Boutique.
   197 | D:1      | Reached XP level 2. HP: 24/24 MP: 3/3
   309 | D:1      | 309 ||| Stepping ~*~*~tactically~*~*~ (hiding).
   411 | D:1      | 411 ||| Stepping ~*~*~tactically~*~*~ (hiding).
   527 | D:1      | Found a faded altar of an unknown god.
   651 | D:1      | Reached skill level 4 in Axes
   651 | D:1      | Reached XP level 3. HP: 29/29 MP: 4/4
   793 | D:1      | 793 ||| READING scroll labelled HUCILA FISIOL.
   794 | D:1      | 794 ||| READING scroll labelled PEOCYUC OFIST.
   928 | D:1      | 928 ||| READING scroll labelled CAVVESS ENOLO.
   929 | D:1      | 929 ||| DRINKING 3 pink potions.
   990 | D:2      | 990 ||| Stepping ~*~*~tactically~*~*~ (stealth).
   997 | D:2      | 997 ||| INVOKING Fiery Armour.
  1001 | D:2      | Reached skill level 1 in Dodging
  1379 | D:2      | Identified the +0 robe "Yzoadiekk" {rPois rN+ MP-9}
  1391 | D:2      | 1391 ||| UPGRADING to +0 leather armour.
  1407 | D:2      | Reached XP level 4. HP: 28/35 MP: 5/5
  1466 | D:2      | 1466 ||| UPGRADING to +0 robe.
  1471 | D:2      | 1471 ||| UPGRADING to +0 leather armour.
  1481 | D:2      | 1481 ||| DROPPING +0 robe.
  1482 | D:2      | 1482 ||| UPGRADING to +0 robe "Yzoadiekk" {rPois rN+ MP-9}.
  1492 | D:2      | You fall into a shaft and drop 1 floor!
  1615 | D:3      | 1615 ||| Stepping ~*~*~tactically~*~*~ (stealth).
  1866 | D:3      | 1866 ||| READING 4 scrolls of identify.
  1866 | D:3      | 1866 ||| IDENTIFYING smoky yellow potion
  1867 | D:3      | 1867 ||| READING 3 scrolls of identify.
  1867 | D:3      | 1867 ||| IDENTIFYING amethyst potion
  1868 | D:3      | 1868 ||| READING 2 scrolls of identify.
  1868 | D:3      | 1868 ||| IDENTIFYING smoky amethyst potion
  1869 | D:3      | 1869 ||| DROPPING potion of ambrosia.
  1870 | D:3      | 1870 ||| DROPPING potion of berserk rage.
  1871 | D:3      | 1871 ||| DROPPING potion of lignification.
  2331 | D:2      | 2331 ||| UPGRADING to +0 scale mail.
  2341 | D:2      | 2341 ||| DROPPING +0 leather armour.
  2342 | D:2      | 2342 ||| DROPPING +0 robe "Yzoadiekk" {rPois rN+ MP-9}.
  2392 | D:2      | 2392 ||| READING scroll labelled JECI CI ZATS.
  2393 | D:2      | 2393 ||| READING scroll labelled PUISTR MIACIH.
  2394 | D:2      | 2394 ||| READING 2 scrolls of identify.
  2394 | D:2      | 2394 ||| IDENTIFYING ruby potion
  2620 | D:3      | Reached skill level 1 in Armour
  3191 | D:3      | 3191 ||| UPGRADING to ring of willpower.
  3192 | D:3      | 3192 ||| READING scroll labelled AVULUCR JUSSEFAC.
  3193 | D:3      | 3193 ||| DRINKING 2 purple potions.
  3194 | D:3      | 3194 ||| DRINKING 2 bubbling brown potions.
  3195 | D:3      | 3195 ||| DRINKING 2 glowing red potions.
  3196 | D:3      | 3196 ||| DROPPING potion of brilliance.
  3271 | D:4      | 3271 ||| Stepping ~*~*~tactically~*~*~ (stealth).
  3272 | D:4      | 3272 ||| Stepping ~*~*~tactically~*~*~ (stealth).
  3274 | D:4      | Noticed a scorpion
  3275 | D:4      | 3275 ||| INVOKING Fiery Armour.
  3280 | D:4      | Reached XP level 5. HP: 24/41 MP: 6/6
  3284 | D:4      | Reached skill level 5 in Axes
  3285 | D:4      | HP: 10/41 [poisoned by a scorpion]
  3287 | D:4      | 3287 ||| DRINKING 4 potions of curing.
  3287 | D:4      | 3287 ||| (to cure poison)
  3433 | D:4      | 3433 ||| Stepping ~*~*~tactically~*~*~ (stealth).
  3434 | D:4      | 3434 ||| Stepping ~*~*~tactically~*~*~ (stealth).
  3542 | D:4      | 3542 ||| INVOKING Fiery Armour.
  3543 | D:4      | HP: 8/41 [poisoned by a scorpion]
  3546 | D:4      | HP: 2/41 [poisoned by a scorpion]
  3547 | D:4      | Succumbed to a scorpion's poison

Levels and vault maps discovered:
D:1:      dpeg_arrival_three_bigger_balls, layout_rooms, serial_shops,
          nicolae_shop_advertising_works [nicolae_subvault_shop_adworks],
          ebering_ecumenical_altar_box, minmay_lizard_pond
D:2:      layout_basic, nicolae_concentric_dashed_squares_wild
D:3:      layout_basic, minivault_14
D:4:      layout_basic, trog_wizard, minmay_temple_entry_butterflies,
          skrybe_limestone_x, hangedman_decor_lopped

Skill      XL: |  1  2  3  4  5 |
---------------+----------------+-----
Axes           | 4 5 |  5.7
Dodging        | 1 |  1.1
Armour         | 1 |  1.0
Fighting       | |  3.2
Spellcasting   | |  1.1
Fire Magic     | |  3.0

Action                   |  1- 3 |  4- 6 || total
-------------------------+-------+-------++-------
Melee: Hand axe          |    79 |    61 ||   140
Throw: Boomerang         |    22 |    34 ||    56
Invok: Fiery Armour      |     1 |     2 ||     3
  Use: Scroll            |     3 |     7 ||    10
       Potion            |     1 |     4 ||     5
Armor: Robe              |    19 |     1 ||    20
       Scale mail        |       |    21 ||    21
Dodge: Dodged            |    51 |    36 ||    87

Table legend:
 A = Non-vault XP
 B = Vault XP
 C = Vault XP percentage of total XP
 D = Non-vault monster count
 E = Vault monster count
 F = Vault count percentage of total count
                 A         B        C        D         E       F
            +---------+---------+-------+---------+---------+-------
      Total |     327 |       6 |   1.8 |      53 |       6 |  10.2
            +---------+---------+-------+---------+---------+-------
        D:1 |      25 |       6 |  19.4 |      14 |       6 |  30.0
        D:2 |      45 |       0 |   0.0 |      18 |       0 |   0.0
        D:3 |      44 |       0 |   0.0 |      13 |       0 |   0.0
        D:4 |     213 |       0 |   0.0 |       8 |       0 |   0.0
            +---------+---------+-------+---------+---------+-------
